 Dungeon Crawl Stone Soup version 0.30.1-11-g7821555f0a (webtiles) character file.

Game seed: 11754117922392126017

218 comborobin the Shooter (level 5, -12/35 (37) HPs)
             Began as a Barachi Hexslinger on Nov 16, 2023.
             Mangled by a wight
             ... wielding a +0 great sword
              (15 damage)
             ... on level 4 of the Dungeon.
             The game lasted 00:03:52 (2094 turns).

comborobin the Shooter (Barachi Hexslinger)         Turns: 2094, Time: 00:03:52

HP:   -12/35 (37)   AC:  7    Str: 11 (14) XL:     5   Next: 95%
MP:   6/6           EV: 14    Int: 10 (13) God:
Gold: 207           SH:  0    Dex: 25 (26) Spells: 6/6 levels left

rFire   + + +        k - +5 war axe of Urhituf {spect, Drain rF++ Str+2 Stlth+}
rCold   + . .        (no shield)
rNeg    . . .        n - +2 robe {rF+}
rPois   +            e - +2 helmet
rElec   +            (no cloak)
rCorr   +            (no gloves)
SInv    .            (no boots)
Will    .....        (no amulet)
Stlth   +++          j - +6 ring of dexterity
HPRegen 0.25/turn    o - +6 ring of dexterity
MPRegen 0.10/turn

%: no passive effects
@: resistant, unable to hop, flying, drained, slow
A: amphibious, slowness 1, strong legs 1, +LOS
a: Hop


You were on level 4 of the Dungeon.
You visited 1 branch of the dungeon, and saw 5 of its levels.

You collected 207 gold pieces.

Inventory:

Hand Weapons
 a - a +2 sling
 k - the +5 war axe of Urhituf (weapon) {spect, Drain rF++ Str+2 Stlth+}
   (You found it on level 3 of the Dungeon)

   Str:       It affects your strength (+2).
   rF:        It greatly protects you from fire.
   Drain:     It drains your maximum health when unequipped.
   Stlth:     It makes you more stealthy.
Armour
 c - a +0 robe
 e - a +2 helmet (worn)
 n - a +2 robe of fire resistance (worn)
Jewellery
 j - a +6 ring of dexterity (left hand)
 o - a +6 ring of dexterity (right hand)
Scrolls
 b - a scroll of poison
 d - 7 scrolls of identify
Potions
 h - a potion of degeneration


   Skills:
 - Level 1.5 Fighting
 - Level 2.1 Axes
 - Level 4.5 Ranged Weapons
 + Level 3.6 Dodging
 - Level 1.3 Spellcasting
 - Level 3.4 Hexes


You had 6 spell levels left.
You didn't know any spells.
Your spell library contained the following spells:

 Spells                   Type           Power      Damage    Failure   Level
 Slow                     Hex            28%        N/A       9%          1
 Inner Flame              Hex/Fire       4%         N/A       45%         3
 Portal Projectile        Hex/Tloc       8%         N/A       45%         3
 Cause Fear               Hex            3%         N/A       63%         4
 Volatile Blastmotes      Fire/Tloc      0%         2d10      71%         3
 Fulminant Prism          Conj/Hex       2%         3d5       86%         4
 Iskenderun's Mystic Bla  Conj/Tloc      0%         2d3       98%         4
 Lee's Rapid Deconstruct  Erth           0%         3d4*      100%        5


Dungeon Overview and Level Annotations

Branches:
Dungeon (5/15)
 Temple: D:4-7

Altars:

Shops:
D:4 ?

Annotations:
D:5 Edmund


Innate Abilities, Weirdness & Mutations

You are amphibious.
You cover ground slowly.
You can hop short distances.
You have an extended range of vision and can be seen from far away.


Message History

* * * LOW HITPOINT WARNING * * *
You slash Edmund!
Edmund is almost dead.
Your +5 war axe of Urhituf {spect, Drain rF++ Str+2 Stlth+} hits Edmund.
Edmund says, "Maybe I'll buy a title.
How does Count Edmund sound?"
Edmund hits your +5 war axe of Urhituf {spect, Drain rF++ Str+2 Stlth+} with a +2 heavy dire flail!
Your spectral weapon shares its damage with you!
* * * LOW HITPOINT WARNING * * *
It was a potion of flight.
You feel very buoyant.
You fly up into the air.
Your +5 war axe of Urhituf {spect, Drain rF++ Str+2 Stlth+} disappears.
As you read the scroll of fear, it crumbles to dust.
You assume a fearsome visage.
Edmund looks frightened!
Edmund shouts!
The orc wizard looks frightened!
The orc wizard gestures wildly while chanting.
The orc wizard flickers and vanishes!
Deactivating autopickup; reactivate with Ctrl-A.
Okay, then.
Okay, then.
You aren't carrying any items that you can evoke.
Unknown command.
Hop to where?
Press: ? - help, Dir - move target Boing!
Unknown command.
There is a stone staircase leading up here.
You fly upwards.
Reactivating autopickup.
The wight hits you but does no damage.
There is a stone staircase leading down here.
Okay, then.
Okay, then.
You aren't carrying any items that you can evoke.
Unknown command.
You don't know any spells.
The wight attacks as you move away! The wight completely misses you.
The wight hits you with a +0 great sword!
You die...

......##..##.#...#.#*,,,#
#)#.#.....##.#.>.#.#*,,.#
..†....##.##.#...#.#*,..#
#.#.#..##.##)#.∩.#.##...#
.......##.##.#.!.#......#
#.#.#..##.##.#####.##...#
.......##.......)...z...#
#.####.######...zz..#.#.#
).# #.# #.....@...#,#,#
.### ### #...#######*,,*
...# #...# **,* ##.#
#...# *,* ...# #...# *,*
...# #...# *,*
...########...#********,*
..........#...#,,,,,,,,,*
###########...#**********


You could see 3 wights.

Vanquished Creatures
  Jessica (D:3)
  Robin (D:2)
  7 adders
  3 dart slugs
  6 orcs
  10 endoplasms
  2 giant cockroaches
  22 goblins
  7 hobgoblins
  6 jackals
  3 kobolds
  4 quokkas
  8 ball pythons
  7 bats
  A frilled lizard (D:3)
  10 rats
98 creatures vanquished.

Notes
Turn   | Place    | Note
-------+----------+-------------------------------------------
     0 | D:1      | comborobin the Barachi Hexslinger began the quest for the
                  | Orb.
     0 | D:1      | Reached XP level 1. HP: 15/15 MP: 2/2
   166 | D:1      | Reached XP level 2. HP: 21/21 MP: 3/3
   195 | D:1      | Found a faded altar of an unknown god.
   360 | D:1      | Reached XP level 3. HP: 26/26 MP: 4/4
   537 | D:1      | Reached skill level 3 in Ranged Weapons
   952 | D:2      | Reached XP level 4. HP: 28/32 MP: 5/5
  1002 | D:2      | Reached skill level 4 in Ranged Weapons
  1105 | D:2      | Noticed Robin
  1117 | D:2      | Killed Robin
  1403 | D:3      | Identified the +5 war axe of Urhituf {spect, Drain rF++
                  | Str+2 Stlth+}
  1494 | D:3      | Noticed Jessica
  1500 | D:3      | Killed Jessica
  1501 | D:3      | Reached skill level 1 in Axes
  1501 | D:3      | Reached XP level 5. HP: 26/37 MP: 6/6
  2017 | D:4      | Found Ihuiboc's Magic Scroll Shoppe.
  2034 | D:4      | HP: 1/35 [wight/+0 great sword (7)]
  2038 | D:5      | Entered Level 5 of the Dungeon
  2081 | D:5      | Noticed Edmund
  2087 | D:5      | HP: 1/35 [Edmund/+2 heavy dire flail (2)]
  2094 | D:4      | Mangled by a wight

Illustrated notes

Levels and vault maps discovered:
D:1:      scummos_arrival_star, layout_loops_cross,
          hellmonk_ecumenical_altar_lost_god
D:2:      minmay_angry_zag, layout_basic, chequers_serial_rivers_small_3,
          uniq_robin
D:3:      layout_rooms, uniq_jessica
D:4:      layout_loops_ring, serial_co_window_serial, co_window_paths_a,
          co_window_of_opportunity_a, co_window_corner_a, co_window_paths_a,
          co_window_of_opportunity_a, co_window_paths_c, co_window_broadway_b,
          co_window_corner_cb, co_window_broadway_a, glass_columns_a,
          glass_columns_a, glass_columns_b, glass_columns_b, glass_columns_a,
          nicolae_take_the_stairs
D:5:      layout_gridville, ebering_ghost_disaster_area, uniq_eustachio,
          uniq_blork_the_orc, uniq_edmund

Skill      XL: |  1  2  3  4  5 |
---------------+----------------+-----
Ranged Weapons | 3 4 |  4.5
Axes           | 1 2 |  2.1
Dodging        | 3 |  3.6
Fighting       | |  1.5
Spellcasting   | |  1.3
Hexes          | |  3.4

Action                     |  1- 3 |  4- 6 || total
---------------------------+-------+-------++-------
  Melee: War axe           |       |    68 ||    68
         Punch             |       |     1 ||     1
   Fire: Sling             |   134 |    57 ||   191
Ability: Hop               |       |     2 ||     2
    Use: Scroll            |     2 |     4 ||     6
         Potion            |       |     5 ||     5
   Stab: Sleeping          |       |     7 ||     7
 Armour: Robe              |    19 |    27 ||    46
  Dodge: Dodged            |    41 |    58 ||    99
